 Dungeon Crawl Stone Soup version 0.30.1-9-gdf580d7c3d (webtiles) character file.

Game seed: 12737376778865544234

156 LynnLen the Sneak (level 5, -3/25 HPs)
             Began as a Spriggan Enchanter on Oct 4, 2023.
             Slain by a wyvern (17 damage)
             ... on level 4 of the Dungeon.
             The game lasted 00:13:35 (3292 turns).

LynnLen the Sneak (Spriggan Enchanter)              Turns: 3292, Time: 00:13:35

Health: -3/25      AC:  2    Str:  4    XL:     5   Next: 14%
Magic:  4/10       EV: 18    Int: 18    God:
Gold:   137        SH:  0    Dex: 16    Spells: 2/10 levels left

rFire   . . .        g - +2 dagger (elec)
rCold   . . .        (no shield)
rNeg    . . .        b - +0 robe
rPois   .            (helmet restricted)
rElec   .            (no cloak)
rCorr   .            (gloves unavailable)
SInv    +            (boots unavailable)
Will    .....        (no amulet)
Stlth   +++          d - ring of wizardry
HPRegen 0.24/turn    (no ring)
MPRegen 0.12/turn

%: wizardry (x1)
@: confusing by touch, very quick
A: very small, no large weapons, unfitting armour, see invisible, speed 3
a: no special abilities


You were on level 4 of the Dungeon.
You visited 1 branch of the dungeon, and saw 4 of its levels.

You collected 137 gold pieces.

Inventory:

Hand Weapons
 a - a +1 dagger
 g - a +2 dagger of electrocution (weapon)
Armour
 b - a +0 robe (worn)
Jewellery
 d - a ring of wizardry (left hand)
 r - the amulet of Elemental Vulnerability {rPois rF-- rC-- AC+8}
   (You found it on level 3 of the Dungeon)

   [amulet of nothing]

   AC:        It affects your AC (+8).
   rF:        It makes you very vulnerable to fire.
   rC:        It makes you very vulnerable to cold.
   rPois:     It protects you from poison.
Wands
 n - a wand of paralysis (2)
 p - a wand of light (14)
Scrolls
 f - 2 scrolls of poison {unknown}
 h - 2 scrolls of teleportation {unknown}
 l - a scroll of amnesia {unknown}
 o - 2 scrolls of fear {unknown}
 t - a scroll of fog {unknown}
Potions
 c - 2 potions of invisibility
 e - 2 potions of cancellation
 i - a potion of magic
 j - a potion of haste
 m - a potion of curing {unknown}
 q - a potion of berserk rage {unknown}


   Skills:
 + Level 1.1 Fighting
 * Level 3.0 Short Blades
 + Level 3.3 Dodging
 + Level 5.2 Stealth
 + Level 3.3 Spellcasting
 * Level 4.7 Hexes


You had 2 spell levels left.
You knew the following spells:

 Your Spells              Type           Power      Damage    Failure   Level
a - Ensorcelled Hibernat  Hex/Ice        22%        N/A       3%          2
b - Confusing Touch       Hex            20%        N/A       2%          3
c - Tukima's Dance        Hex            20%        N/A       2%          3

Your spell library contained the following spells:

 Spells                   Type           Power      Damage    Failure   Level
 Apportation              Tloc           4%         N/A       6%          1
 Necrotise                Necr           8%         1d4       6%          1
 Summon Small Mammal      Summ           8%         N/A       6%          1
 Dazzling Flash           Conj/Hex       22%        N/A       8%          3


Dungeon Overview and Level Annotations

Branches:
Dungeon (4/15)
 Temple: D:4-7

Altars:
Uskayaw


Innate Abilities, Weirdness & Mutations

You are very small and have problems with some larger weapons.
You are too small for most types of armour.
You have supernaturally acute eyesight. (SInv)
You cover ground extremely quickly. (Speed+++)


Message History

The hobgoblin shouts!
Aiming: Ensorcelled Hibernation (safe; 3% risk of failure)
Press: ? - help, Q - select action, (/) - cycle Shift-Dir - straight line, f - wyvern
Aim: a wyvern (chance to affect: 45%)
The wyvern looks drowsy...
Unknown command.
The helpless wyvern fails to defend itself.
You impale the wyvern!!
The wyvern is almost dead.
The wyvern completely misses you.
You hit the wyvern but do no damage.
The wyvern is almost dead.
The wyvern completely misses you.
You barely miss the wyvern.
The wyvern is almost dead.
The wyvern bites you but does no damage.
The wyvern bites you!
You hit the wyvern but do no damage.
The wyvern is almost dead.
The wyvern completely misses you.
You hit the wyvern but do no damage.
The wyvern is almost dead.
The wyvern bites you. The hobgoblin hits you.
Found 11 gold pieces.
Aiming: Ensorcelled Hibernation (safe; 3% risk of failure)
Press: ? - help, Q - select action, (/) - cycle Shift-Dir - straight line, f - hobgoblin, p - wyvern
Aim: a hobgoblin (chance to affect: 62%)
The wyvern is unaffected.
The wyvern closely misses you.
Unknown command.
Casting: Confusing Touch (dangerous; 2% risk of failure)
Press: ? - help, Q - select action, (/) - cycle Dir - look around, f - activate Your hands begin to glow red.
The wyvern barely misses you. x2
Unknown command.
You hit the wyvern but do no damage.
The wyvern is almost dead.
The wyvern bites you!
Ouch! That really hurt!
You die...

..#..........###..##'##..#
..###.......(.....#...#..##
...##.)..........##._.##..#
...............#.#.....#..###
.####....##.).##.#.###.#....##
.# #..####......###.###.#...#
.# ##.# #...#..##(..##...###
.. #.. ##..##..#(#.#.#....# ..
....#.....#@#((#..#..### .
.........#l#(#(#.#.##
.#........g##((.##.#
.........#####..###
..................#
..#...............# #
##..............##
#...<...##......#
.................#


You could see a wyvern, 8 dancing weapons and a hobgoblin.

Vanquished Creatures
  A sleepcap (D:3)
  Jessica (D:3)
  2 adders
  3 worms
  2 dart slugs
  2 orcs (D:3)
  5 endoplasms
  6 giant cockroaches
  9 goblins
  9 hobgoblins
  A quokka (D:1)
  5 ball pythons
  5 bats
  4 frilled lizards
  7 kobolds
  4 rats
66 creatures vanquished.

Notes
Turn   | Place    | Note
-------+----------+-------------------------------------------
     0 | D:1      | LynnLen the Spriggan Enchanter began the quest for the Orb.
     0 | D:1      | Reached XP level 1. HP: 9/9 MP: 5/5
   167 | D:1      | Reached XP level 2. HP: 9/13 MP: 6/6
   199 | D:1      | Learned a level 2 spell: Ensorcelled Hibernation
   914 | D:1      | Reached XP level 3. HP: 17/17 MP: 8/8
  1647 | D:2      | Learned a level 3 spell: Confusing Touch
  1651 | D:2      | Learned a level 3 spell: Tukima's Dance
  2296 | D:2      | Found a faded altar of an unknown god.
  2304 | D:3      | Noticed Jessica
  2312 | D:3      | Killed Jessica
  2313 | D:3      | Reached XP level 4. HP: 21/21 MP: 9/9
  2363 | D:3      | Reached skill level 5 in Stealth
  2544 | D:3      | Reached skill level 1 in Fighting
  2586 | D:3      | Found the amulet of Elemental Vulnerability {rPois rF--
                  | rC-- AC+8}
  2823 | D:3      | Reached XP level 5. HP: 25/25 MP: 10/10
  3234 | D:4      | Found a hide-covered altar of Uskayaw.
  3234 | D:4      | Noticed a +0 falchion
  3234 | D:4      | Noticed a +0 short sword
  3234 | D:4      | Noticed a +0 short sword
  3235 | D:4      | Noticed a +0 falchion
  3236 | D:4      | Noticed a +0 spear
  3237 | D:4      | Noticed a +0 dagger
  3237 | D:4      | Noticed a +0 dagger
  3238 | D:4      | Noticed a +0 spear
  3268 | D:4      | Noticed a wyvern
  3292 | D:4      | Slain by a wyvern

Illustrated notes

Levels and vault maps discovered:
D:1:      beargit_arrival_greenhouse, layout_loops_ring, st_stairs_5
D:2:      wander_river, layout_loops_ring,
          hellmonk_ecumenical_altar_leap_of_faith
D:3:      layout_basic, uniq_jessica
D:4:      layout_cave_pools, nicolae_uskayaw_en_pointe, uniq_menkaure

Skill      XL: |  1  2  3  4 |
---------------+-------------+-----
Hexes          | 4 |  4.7
Short Blades   | 2 3 |  3.0
Dodging        | 3 |  3.3
Spellcasting   | 3 |  3.3
Stealth        | 5 |  5.2
Fighting       | 1 |  1.1

Action                     |  1- 3 |  4- 6 || total
---------------------------+-------+-------++-------
  Melee: Dagger            |   112 |    52 ||   164
         Punch             |     3 |       ||     3
   Cast: Ensorcelled Hiber |    29 |    11 ||    40
         Confusing Touch   |       |     1 ||     1
    Use: Scroll            |       |     4 ||     4
   Stab: Sleeping          |    22 |    18 ||    40
 Armour: Robe              |     2 |     2 ||     4
  Dodge: Dodged            |    79 |    29 ||   108
